 Dungeon Crawl Stone Soup version 0.24.0-37-gcf1ca852f1 (webtiles) character file.

Game seed: 5328631932560365957, levelgen mode: deterministic

44394 Ahmontep the Destroyer (level 13, -5/79 HPs)
             Began as a Mummy Wizard on Dec 4, 2019.
             Was an Initiate of Gozag.
             Slain by a vampire (6 damage)
             ... on level 13 of the Dungeon on Dec 5, 2019.
             The game lasted 02:04:26 (37696 turns).

Ahmontep the Destroyer (Mummy Wizard)              Turns: 37696, Time: 02:04:26

Health: -5/79      AC: 11    Str: 11    XL:     13   Next: 96%
Magic:  8/25       EV: 12    Int: 21    God:    Gozag
Gold:   956        SH:  6    Dex: 11    Spells: 1/28 levels left

rFire    + . .     SeeInvis .   b - +0 hand crossbow
rCold    . . .     Gourm    .   J - +2 buckler
rNeg     + + +     Faith    .   C - +2 robe {rN+}
rPois    ∞         Spirit   .   d - +1 helmet
rElec    .         Reflect  .   D - +0 cloak {+Inv}
rCorr    .         Harm     +   r - +0 pair of gloves
MR       +....                  j - +2 pair of boots
Stlth    ++........             i - amulet of harm
HPRegen  0.23/turn              t - ring of protection from fire
MPRegen  0.19/turn              y - ring of fire

@: gold aura, very slightly contaminated
A: no food or potions, fire vulnerability, cold resistance 1, negative energy
resistance 3, torment resistance, unbreathing, in touch with death 1
a: Potion Petition, Call Merchant, Bribe Branch, Renounce Religion, Evoke
Invisibility


You were on level 13 of the Dungeon.
You worshipped Gozag.
Gozag was pleased with you.
You were not hungry.

You visited 3 branches of the dungeon, and saw 20 of its levels.
You also visited: Ossuary.

You collected 4340 gold pieces.
You spent 975 gold pieces at shops.
You paid 2409 gold pieces to Gozag.

Inventory:

Hand Weapons
 a - a +0 dagger of electrocution
 b - a +0 hand crossbow (weapon)
Missiles
 E - 45 bolts (quivered)
Armour
 d - a +1 helmet (worn)
 j - a +2 pair of boots (worn)
 l - a scarf of cloud immunity
 r - a +0 pair of gloves (worn)
 C - a +2 robe of positive energy (worn)
 D - a +0 cloak of invisibility (worn)
 J - a +2 buckler (worn)
Jewellery
 e - a +3 ring of strength
 i - an amulet of harm (around neck)
 k - an uncursed amulet of guardian spirit
 t - a ring of protection from fire (left hand)
 x - an uncursed ring of flight
 y - a ring of fire (right hand)
 K - an uncursed ring of stealth
 N - an uncursed amulet of magic regeneration {unknown}
Wands
 f - a wand of clouds (8)
 h - a wand of flame (17)
 o - a wand of disintegration (12)
 z - a wand of polymorph (14)
 A - a wand of paralysis (5)
 B - a wand of random effects (33)
 H - a wand of iceblast (14)
Scrolls
 c - 9 scrolls of enchant armour
 g - a scroll of brand weapon {unknown}
 m - a scroll of holy word
 n - 2 scrolls of immolation
 p - 5 scrolls of enchant weapon {unknown}
 q - a scroll of amnesia
 s - 3 scrolls of blinking
 u - 5 scrolls of remove curse
 v - 3 scrolls of fear
 w - a scroll of summoning
 F - a scroll of magic mapping
 G - 2 scrolls of fog {unknown}
 I - 4 scrolls of teleportation
 L - a scroll of silence {unknown}
 M - a scroll of acquirement {unknown}


   Skills:
 - Level 1.5 Dodging
 - Level 1.5 Stealth
 - Level 4.0 Shields
 - Level 8.3 Spellcasting
 - Level 12.9 Conjurations
 - Level 6.0 Summonings
 - Level 2.0 Translocations
 - Level 7.1 Fire Magic
 - Level 6.0 Air Magic
 + Level 8.8 Earth Magic
 - Level 3.0 Evocations


You had one spell level left.
You knew the following spells:

 Your Spells              Type           Power        Failure   Level  Hunger
a - Throw Flame           Conj/Fire      ######       1%          2    N/A
b - Mephitic Cloud        Conj/Pois/Air  #####...     1%          3    N/A
c - Conjure Flame         Conj/Fire      ######..     1%          3    N/A
d - Summon Lightning Spi  Summ/Air       ####....     6%          4    N/A
e - Bolt of Magma         Conj/Fire/Erth ######....   4%          5    N/A
f - Fireball              Conj/Fire      ######....   3%          5    N/A
g - Call Imp              Summ           ####....     1%          2    N/A
h - Confusing Touch       Hex            #.....       8%          1    N/A
i - Blink                 Tloc           N/A          4%          2    N/A

Your spell library contained the following spells:

 Spells                   Type           Power        Failure   Level  Hunger
 Flame Tongue             Conj/Fire      #####        1%          1    N/A
 Magic Dart               Conj           ####         1%          1    N/A
 Summon Butterflies       Summ           ####....     1%          1    N/A
 Summon Small Mammal      Summ           ####         1%          1    N/A
 Apportation              Tloc           ###...       3%          1    N/A
 Animate Skeleton         Necr           N/A          8%          1    N/A
 Corona                   Hex            #......      8%          1    N/A
 Pain                     Necr           ##..         8%          1    N/A
 Call Canine Familiar     Summ           ####....     1%          3    N/A
 Sticky Flame             Conj/Fire      ######..     1%          4    N/A
 Inner Flame              Hex/Fire       #####...     5%          3    N/A
 Fulminant Prism          Conj/Hex       #####.....   5%          4    N/A
 Summon Guardian Golem    Hex/Summ       ###.....     7%          3    N/A
 Gell's Gravitas          Tloc           ###.......   10%         3    N/A
 Lesser Beckoning         Tloc           ###.......   10%         3    N/A
 Slow                     Hex            #.......     12%         2    N/A
 Leda's Liquefaction      Hex/Erth       ####......   12%         4    N/A
 Petrify                  Tmut/Erth      ####....     12%         4    N/A
 Iron Shot                Conj/Erth      ######....   14%         6    N/A
 Iskenderun's Battlesphe  Conj/Chrm      #####...     16%         5    N/A
 Venom Bolt               Conj/Pois      #####.....   16%         5    N/A
 Confuse                  Hex            #.......     22%         3    N/A
 Tukima's Dance           Hex            #.......     22%         3    N/A
 Vampiric Draining        Necr           ##........   22%         3    N/A
 Summon Ice Beast         Ice/Summ       ###.....     22%         4    N/A
 Orb of Destruction       Conj           ######....   32%         7    N/A
 Animate Dead             Necr           N/A          58%         4    N/A
 Cause Fear               Hex            #.........   58%         4    N/A
 Spellforged Servitor     Conj/Summ      #####.....   80%         7    N/A
 Alistair's Intoxication  Tmut/Pois      #.......     91%         5    N/A
 Metabolic Englaciation   Hex/Ice        #.........   91%         5    N/A
 Yara's Violent Unravell  Hex/Tmut       #.........   91%         5    N/A
 Invisibility             Hex            #.......     100%        6    N/A
 Ring of Flames           Chrm/Fire      #####.....   100%        7    N/A
 Shatter                  Erth           #####.....   100%        9    N/A
 Regeneration             Chrm/Necr      Unusable     N/A         3    N/A
 Statue Form              Tmut/Erth      Unusable     N/A         6    N/A

Dungeon Overview and Level Annotations

Branches:
Dungeon (13/15) Temple (1/1) D:4 Lair (6/6) D:8 Shoals (0/4) Lair:2 Spider (0/4) Lair:3 Slime (0/5) Lair:5 Orc (0/2) D:10 Vaults (0/5) D:12 D:13 Ossuary (visited)

Altars:
Ashenzari
Dithmenos
Fedhas
Gozag
Hepliaklqana
Kikubaaqudgha
Makhleb
Nemelex Xobeh
Qazlal
Ru
Sif Muna
Trog
Wu Jian
Xom
Yredelemnul
The Shining One

Shops:
D:5 *   D:8 =   D:10 *   D:11 :   D:13 %[

Portals:
Hell: Lair:6

Annotations:
D:4 3 runed translucent doors, happy's ghost, amateur OpWn
D:12 3 runed translucent doors, Soedd's ghost, journeyman DgAr
D:13 Nessos; Rupert; Urug
Lair:1 exclusion: 2 oklob plants
Lair:6 3 runed translucent doors, demivan's ghost, journeyman MiFi


Innate Abilities, Weirdness & Mutations

You do not eat or drink.
Your flesh is vulnerable to fire.
You are immune to poison.
Your flesh is cold resistant. (rC+)
You are immune to negative energy. (rN+++)
You are immune to unholy pain and torment.
You can survive without breathing.
You are in touch with the powers of death.


Message History

[b] 1090 gold - Vidak's Antique Armour Shoppe [c] 609 gold - Puimi's Antique Weapon Boutique Fund which merchant? [a] 798 gold - Ricear's Weapon Shoppe [b] 1090 gold - Vidak's Antique Armour Shoppe [c] 609 gold - Puimi's Antique Weapon Boutique Fund which merchant? [a] 798 gold - Ricear's Weapon Shoppe [b] 1090 gold - Vidak's Antique Armour Shoppe [c] 609 gold - Puimi's Antique Weapon Boutique Fund which merchant? [a] 798 gold - Ricear's Weapon Shoppe [b] 1090 gold - Vidak's Antique Armour Shoppe [c] 609 gold - Puimi's Antique Weapon Boutique Fund which merchant?
You no longer have enough gold to fund merchants seeking to open stores in the dungeon.
Vidak invites you to visit their Antique Armour Shoppe.
Something hits you.
You die...
Your body crumbles into a pile of gold.

####### #≈≈≈≈≈# #.
#≈⌠.⌠≈# #. #≈§∩$≈#
#. ##########≈⌠.⌠≈#
##.##.#......#≈5@≈≈#
......#......###'###
##....#..#.#.###.#
##....#..........#
#.....<#.#.#.#[###
.............#.#
....(..###.###.#
##.$...###.....#
##$$........##.#


You could see a friendly crimson imp.

Vanquished Creatures
  Snorg (D:10)
  A hydra (Lair:1)
  2 centaur warriors (D:13)
  Erica (D:8)
  5 two-headed ogres
  A death yak (Lair:6)
  Nergalle (D:11)
  A deep troll earth mage (D:10)
  A sixfirhy (Lair:6)
  A wizard (Lair:6)
  Pikel (D:7)
  An orc knight (D:10)
  A manticore (D:12)
  Maurice (D:10)
  Joseph (D:8)
  3 elephants (Lair:5)
  5 black mambas
  Psyche (D:9)
  An orange demon (Lair:6)
  17 spiny frogs
  2 kobold demonologists (D:12)
  3 ice devils (Lair:6)
  7 rime drakes
  A queen bee (Lair:4)
  6 komodo dragons
  A meliai (shapeshifter) (D:10)
  2 meliai (Lair:4)
  A hornet (Lair:2)
  A jumping spider (Lair:3)
  7 blink frogs
  6 hippogriffs
  A spriggan (Lair:4)
  Grum (D:8)
  3 basilisks
  21 yaks
  4 humans (D:12)
  Menkaure (D:7)
  An acid dragon (D:11)
  11 porcupines
  10 water moccasins
  6 orc warriors
  A phantom (D:11)
  An ice beast (D:5)
  3 sky beasts
  3 slaves (D:7)
  3 black bears
  2 ogres (D:7)
  6 centaurs
  34 wolves
  12 crocodiles
  9 bullfrogs
  3 big kobolds
  2 elf zombies (Ossuary)
  A wyvern zombie (D:8)
  6 scorpions
  9 killer bees
  5 howler monkeys
  2 crimson imps
  2 centaur zombies
  A bullfrog zombie (D:9)
  6 hounds
  2 jellies
  4 orc priests
  A bullfrog skeleton (D:10)
  2 centaur skeletons
  2 human zombies (Ossuary)
  4 iguanas
  7 orc wizards
  Ijyb (D:3)
  13 worker ants
  A big kobold zombie (Ossuary)
  2 hound zombies
  2 mummies (Ossuary)
  A howler monkey zombie (D:11)
  4 adders
  3 shadow imps
  2 adder zombies (Ossuary)
  An adder skeleton (D:7)
  5 dart slugs
  2 leopard geckos
  33 orcs
  A ball python (D:2)
  5 giant cockroaches
  7 goblins
  4 hobgoblins
  2 jackals (D:2)
  26 kobolds
  2 quokkas
  3 bats
  3 frilled lizards
  7 hobgoblin zombies (Ossuary)
  2 jackal zombies (Ossuary)
  10 kobold zombies (Ossuary)
  10 orc zombies
  8 rats
  A rat zombie (Ossuary)
  A fungus (Lair:6)
438 creatures vanquished.

Vanquished Creatures (collateral kills)
  A smoke demon (Lair:6)
  A red devil (Lair:6)
  A meliai (Lair:4)
  3 blink frogs (Lair:2)
  A hippogriff (Lair:2)
  2 yaks (Lair:6)
  4 hell hounds (Lair:6)
  A black bear (D:4)
  A wolf (Lair:3)
  A scorpion (D:4)
  17 killer bees (Lair:4)
  An orc priest (D:4)
  3 adders
  4 worms
  2 dart slugs (D:4)
  6 orcs
  A giant cockroach (D:4)
  A giant cockroach zombie (D:5)
51 creatures vanquished.

Vanquished Creatures (others)
  A slave (D:7)
  A ball python (D:4)
  A frilled lizard (D:4)
  2 bushes (D:8)
  20 fungi
  19 plants
44 creatures vanquished.

Grand Total: 533 creatures vanquished

Notes
Turn   | Place    | Note
-------+----------+-------------------------------------------
     0 | D:1      | Ahmontep the Mummy Wizard began the quest for the Orb.
     0 | D:1      | Reached XP level 1. HP: 13/13 MP: 5/5
    47 | D:1      | Reached skill level 1 in Conjurations
   212 | D:1      | Reached XP level 2. HP: 19/19 MP: 5/7
   256 | D:1      | Learned a level 2 spell: Call Imp
   259 | D:1      | Learned a level 2 spell: Blink
   385 | D:1      | Reached skill level 2 in Conjurations
  1127 | D:2      | Reached XP level 3. HP: 24/24 MP: 6/8
  2031 | D:3      | Found a shimmering altar of Xom.
  2055 | D:3      | Reached skill level 1 in Summonings
  2192 | D:3      | Found a sparkling altar of Nemelex Xobeh.
  2221 | D:3      | Reached skill level 3 in Conjurations
  2261 | D:3      | Reached XP level 4. HP: 30/30 MP: 2/10
  2799 | D:3      | Noticed Ijyb
  2809 | D:3      | Killed Ijyb
  3001 | D:4      | Reached XP level 5. HP: 33/35 MP: 4/11
  3063 | D:4      | Reached skill level 1 in Translocations
  3125 | D:4      | Found a runed translucent gate.
  3554 | D:4      | Reached skill level 4 in Conjurations
  3636 | D:4      | Reached XP level 6. HP: 40/41 MP: 6/12
  3691 | D:4      | Found a staircase to the Ecumenical Temple.
  3715 | Temple   | Entered the Ecumenical Temple
  3735 | Temple   | Became a worshipper of Gozag Ym Sagoz the Greedy
  4223 | D:4      | Found a runed translucent gate.
  4223 | D:4      | Found a runed translucent gate.
  4226 | D:4      | Noticed happy's ghost (amateur OpWn)
  4252 | D:5      | Entered Level 5 of the Dungeon
  4252 | D:5      | Noticed an ice beast
  4379 | D:5      | Learned a level 3 spell: Mephitic Cloud
  4383 | D:5      | Learned a level 3 spell: Conjure Flame
  4385 | D:5      | Learned a level 1 spell: Confusing Touch
  4599 | D:5      | Killed an ice beast
  4599 | D:5      | Reached skill level 5 in Conjurations
  4684 | D:5      | Found an ornate altar of the Wu Jian Council.
  4702 | D:5      | Reached XP level 7. HP: 46/46 MP: 6/13
  4834 | D:5      | Found Gozag's Platinum Reserve.
  4837 | D:5      | Found an opulent altar of Gozag.
  5090 | D:5      | Learned a level 1 spell: Animate Skeleton
  5361 | D:6      | Reached skill level 6 in Conjurations
  5473 | D:6      | Found a sand-covered staircase.
  5503 | Ossuary  | Entered an ossuary
  6196 | Ossuary  | Reached skill level 7 in Conjurations
  6318 | Ossuary  | Reached XP level 8. HP: 43/52 MP: 10/14
  7074 | D:6      | Reached skill level 8 in Conjurations
  7612 | D:7      | Noticed a hippogriff
  7613 | D:7      | Noticed a hippogriff
  7626 | D:7      | Killed a hippogriff
  7626 | D:7      | Reached skill level 9 in Conjurations
  7629 | D:7      | Killed a hippogriff
  7629 | D:7      | Reached XP level 9. HP: 49/57 MP: 6/15
  8036 | D:7      | Found a glowing golden altar of the Shining One.
  8121 | D:7      | Noticed Menkaure
  8154 | D:7      | Killed Menkaure
  8156 | D:7      | Noticed Pikel
  8172 | D:7      | Paralysed by Pikel for 5 turns
  8183 | D:7      | Paralysed by Pikel for 7 turns
  8186 | D:7      | Killed Pikel
  8186 | D:7      | Reached skill level 10 in Conjurations
  8311 | D:7      | Found a bloodstained altar of Trog.
  8902 | D:8      | Reached skill level 11 in Conjurations
  9079 | D:8      | Reached XP level 10. HP: 63/63 MP: 2/16
  9475 | D:8      | Reached skill level 12 in Conjurations
  9724 | D:8      | Found a staircase to the Lair.
 10044 | D:8      | Noticed Erica
 10057 | D:8      | Killed Erica
 10254 | D:8      | Found a stormy altar of Qazlal.
 10404 | D:8      | Noticed Joseph
 10423 | D:8      | Killed Joseph
 10684 | D:9      | Learned a level 5 spell: Fireball
 10737 | D:9      | Found a blossoming altar of Fedhas.
 10788 | D:9      | Reached skill level 1 in Fire Magic
 10871 | D:9      | Noticed a two-headed ogre
 10881 | D:9      | Killed a two-headed ogre
 10881 | D:9      | Reached skill level 5 in Spellcasting
 10944 | D:9      | Noticed Psyche
 10949 | D:9      | Killed Psyche
 11255 | D:9      | Found a hazy altar of Hepliaklqana.
 11382 | D:10     | Entered Level 10 of the Dungeon
 11382 | D:10     | Noticed Snorg
 11443 | D:10     | Killed Snorg
 11443 | D:10     | Reached XP level 11. HP: 68/68 MP: 5/19
 11543 | D:10     | Learned a level 2 spell: Throw Flame
 11674 | D:10     | Noticed Maurice
 11701 | D:10     | Killed Maurice
 12247 | D:10     | Noticed a two-headed ogre
 12256 | D:10     | Killed a two-headed ogre
 12256 | D:10     | Reached skill level 1 in Evocations
 12316 | D:10     | Found a staircase to the Orcish Mines.
 12520 | D:10     | Found Nitwit's Assorted Antiques.
 12646 | D:10     | Found a runed translucent door.
 12803 | D:10     | Noticed a deep troll earth mage
 12803 | D:10     | Noticed a tengu reaver
 12804 | D:10     | Noticed an orc knight
 12804 | D:10     | Noticed an ettin
 13487 | D:11     | Reached skill level 5 in Fire Magic
 14108 | D:11     | Noticed Nergalle
 14116 | D:11     | Killed Nergalle
 14960 | D:12     | Noticed a two-headed ogre
 16367 | D:12     | Killed a two-headed ogre
 16484 | D:12     | Found a runed translucent gate.
 16484 | D:12     | Found a runed translucent gate.
 16484 | D:12     | Found a runed translucent gate.
 16485 | D:12     | Noticed Soedd's ghost (journeyman DgAr)
 16690 | D:8      | Noticed a two-headed ogre
 16753 | D:8      | Killed a two-headed ogre
 16757 | D:8      | Noticed Grum
 16928 | D:8      | Killed Grum
 17060 | Lair:1   | Entered Level 1 of the Lair of Beasts
 17091 | Lair:1   | Reached XP level 12. HP: 74/74 MP: 13/24
 17231 | Lair:1   | Noticed an eight-headed hydra
 17241 | Lair:1   | Killed an eight-headed hydra
 17241 | Lair:1   | Reached skill level 1 in Air Magic
 17406 | Lair:1   | Learned a level 4 spell: Summon Lightning Spire
 18581 | D:11     | Bought a book of the Earth for 975 gold pieces
 18589 | D:11     | Learned a level 5 spell: Bolt of Magma
 18793 | D:10     | Identified the Tome of Igneous Enchantment
 19338 | Lair:1   | Identified the -4 pair of boots "Ebyddie" {MR++ Str+3} (You
                  | found it on level 1 of the Lair of Beasts)
 20796 | Lair:2   | Reached skill level 5 in Summonings
 22373 | Lair:2   | Found a staircase to the Shoals.
 22926 | Lair:3   | Reached skill level 5 in Air Magic
 23016 | Lair:3   | Found a hole to the Spider Nest.
 23786 | Lair:4   | Reached skill level 1 in Earth Magic
 24544 | Lair:4   | Reached skill level 1 in Shields
 24959 | Lair:4   | Gained mutation: You are in touch with the powers of death.
                  | [Mummy growth]
 24959 | Lair:4   | Reached XP level 13. HP: 67/79 MP: 12/25
 26041 | Lair:5   | Found a staircase to the Slime Pits.
 26073 | Lair:5   | Got a flickering platinum amulet
 26873 | Lair:6   | Entered Level 6 of the Lair of Beasts
 29204 | Lair:6   | Reached skill level 5 in Earth Magic
 31262 | Lair:6   | Identified the amulet "Ebai" {Gourm Int+4} (You found it on
                  | level 5 of the Lair of Beasts)
 31387 | Lair:6   | Found a runed translucent gate.
 31388 | Lair:6   | Found a runed translucent gate.
 31426 | Lair:6   | HP: 2/79 [rime drake/flash freeze (19)]
 31933 | Lair:6   | Found a runed translucent gate.
 31937 | Lair:6   | Noticed demivan's ghost (journeyman MiFi)
 35007 | Lair:6   | Found a burning altar of Makhleb.
 35144 | Lair:6   | Found a gateway to Hell.
 36176 | D:13     | Found a gate to the Vaults.
 36176 | D:13     | Noticed Nessos
 36176 | D:13     | Noticed Rupert
 36176 | D:13     | Noticed Urug
 36299 | D:13     | Found Poaps's Food Emporium.
 37695 | D:13     | HP: 1/79 [something (18)]
 37696 | D:13     | Slain by a vampire

Levels and vault maps discovered:
D:1:      roderic_crop_circles_arrival_small, layout_rooms, st_stairs_6
D:2:      layout_basic
D:3:      layout_basic, nicolae_overflow_crystal_walls, old_standard_altar,
          uniq_ijyb
D:4:      layout_basic, minmay_temple_entry_tees, gammafunk_ghost_nasty_kobolds,
          first_ration, lemuel_old_faithful
D:5:      layout_loops_ring, nicolae_overflow_hidden_temple,
          nicolae_gozag_zags_fifth_avenue
D:6:      layout_gridville, enter_ossuary_3
D:7:      layout_basic, lemuel_crystal_altar, minmay_misc_feat_diagonals,
          trog_butcher_becter, uniq_pikel, uniq_menkaure
D:8:      layout_basic, lemuel_coloured_pillars_altar, minmay_lair_entry_grove,
          uniq_joseph, uniq_erica, uniq_grum
D:9:      layout_roguey, kennysheep_mini_moat, fedhas_altar_1, uniq_psyche
D:10:     layout_grid_maze, david_orc_2, serial_shops,
          nicolae_shop_overgrown_old_shop, minivault_13, uniq_maurice,
          uniq_snorg
D:11:     layout_loops_ring, uniq_nergalle
D:12:     layout_cave_pools, gammafunk_ghost_necromancy
D:13:     layout_basic, david_vaults_3, serial_shops, nicolae_shop_crystal,
          nicolae_shop_trees, kennysheep_little_box, hangedman_ranch
          [blue_anna_fruit_fields], elyvilon_altar_1
Temple:   eino_wide_crystal_templ
Lair:1:   layout_cave_pods, grunt_megastairs_3, serial_bayou_shore_a,
          minmay_lair_oklob_chamber
Lair:2:   layout_concentric_octagons, shoals_dummy_entry
Lair:3:   layout_hall_layers, spider_nest_entry_rubble
Lair:4:   layout_roguey [special_room_bee], grunt_forest_large_clearing_hut
Lair:5:   layout_cave_shapes, slime_dummy, uniq_nessos
Lair:6:   evil_forest, layout_regular_city, gammafunk_ghost_hydra_chop,
          grunt_megastairs_1

Skill      XL: |  1  2  3  4  5  6  7  8  9 10 11 12 13 |
---------------+----------------------------------------+-----
Conjurations   | 1 2 3 4 5 7 9 11 12 | 12.9
Summonings     | 1 2 6 |  6.0
Translocations | 1 2 |  2.0
Fire Magic     | 3 7 |  7.1
Spellcasting   | 5 8 |  8.3
Evocations     | 3 |  3.0
Air Magic      | 6 |  6.0
Earth Magic    | 2 8 |  8.8
Shields        | 1 4 |  4.0
Dodging        | |  1.5
Stealth        | |  1.5

Action                   |  1- 3 |  4- 6 |  7- 9 | 10-12 | 13-15 || total
-------------------------+-------+-------+-------+-------+-------++-------
Melee: Unarmed           |    21 |       |       |       |       ||    21
       Arbalest          |       |       |     6 |       |       ||     6
       Dagger            |       |       |       |    11 |       ||    11
 Fire: Arbalest          |       |    27 |   221 |   257 |       ||   505
       Hand crossbow     |       |       |       |     8 |    36 ||    44
Throw: Dart              |    27 |       |       |       |       ||    27
       Boomerang         |     9 |       |       |       |       ||     9
 Cast: Magic Dart        |    76 |    68 |    11 |    53 |       ||   208
       Call Imp          |    14 |    22 |     1 |       |     1 ||    38
       Conjure Flame     |       |     5 |    42 |    55 |     5 ||   107
       Mephitic Cloud    |       |     2 |    30 |    47 |     4 ||    83
       Blink             |       |       |     3 |    10 |     3 ||    16
       Confusing Touch   |       |       |     1 |       |       ||     1
       Fireball          |       |       |       |    60 |    94 ||   154
       Throw Flame       |       |       |       |   163 |    73 ||   236
       Summon Lightning  |       |       |       |     7 |    16 ||    23
       Bolt of Magma     |       |       |       |     4 |     2 ||     6
Invok: Call Merchant     |       |       |       |     2 |     1 ||     3
 Abil: Evoke Invisibilit |       |       |       |     1 |       ||     1
  Use: Scroll            |       |     8 |     3 |    12 |     4 ||    27
 Stab: Distracted        |     1 |       |       |       |       ||     1
       Confused          |       |       |       |     1 |       ||     1
Armor: Robe              |    11 |    15 |    64 |    72 |    26 ||   188
Dodge: Dodged            |    27 |    30 |    77 |   109 |    43 ||   286
Block: Buckler           |       |       |       |     4 |    21 ||    25
